 Dungeon Crawl Stone Soup version 0.31-a0-303-gdc8c9485ea (webtiles) character file.

Game seed: 7202094480756728777

2006 LobsterGuardian the Magician (level 9, -4/49 HPs)
             Began as a Gargoyle Summoner on July 16, 2023.
             Slain by Maggie
             ... wielding a +3 halberd of flaming
              (7 damage)
             ... on level 6 of the Dungeon.
             The game lasted 00:24:08 (5922 turns).

LobsterGuardian the Magician (Gargoyle Summoner)    Turns: 5922, Time: 00:24:08

Health: -4/49      AC: 13    Str: 12    XL:     9   Next: 22%
Magic:  9/18       EV: 12    Int: 18    God:
Gold:   118        SH:  0    Dex: 18    Spells: 7/20 levels left

rFire   . . .        x - +0 glaive
rCold   . . .        (shield currently unavailable)
rNeg    + . .        h - +1 leather armour
rPois   ∞            (no helmet)
rElec   +            e - +0 cloak
rCorr   .            (no gloves)
SInv    .            o - +0 pair of boots
Will    .....        f - amulet of the acrobat
Stlth   +++          c - +6 ring of dexterity
HPRegen 0.28/turn    (no ring)
MPRegen 0.16/turn

%: acrobat
@: mesmerised
A: sickness immunity, AC +6, negative energy resistance 1, electricity
resistance, torment resistance 1, petrification resistance, camouflage 1
a: no special abilities


You were on level 6 of the Dungeon.
You visited 1 branch of the dungeon, and saw 6 of its levels.

You collected 118 gold pieces.

Inventory:

Hand Weapons
 l - a +1 spear of distortion
 x - a +0 glaive (weapon)
Armour
 a - a +0 robe
 e - a +0 cloak (worn)
 h - a +1 leather armour (worn)
 o - a +0 pair of boots (worn)
Jewellery
 c - a +6 ring of dexterity (left hand)
 d - an amulet of magic regeneration
 f - an amulet of the acrobat (around neck)
 n - a ring of resist corrosion
Talismans
 g - a maw talisman
Wands
 r - a wand of charming (5)
 y - a wand of acid (9)
Scrolls
 i - 2 scrolls of teleportation
 j - a scroll of enchant armour
 k - 3 scrolls of noise
 u - a scroll of revelation {unknown}
 w - a scroll of blinking {unknown}
Potions
 b - a potion of magic
 t - a potion of ambrosia {unknown}
 v - 4 potions of brilliance {unknown}
 z - a potion of degeneration {unknown}
 A - a potion of cancellation {unknown}


   Skills:
 + Level 2.7 Fighting
 * Level 5.4 Polearms
 + Level 2.9 Armour
 + Level 2.2 Dodging
 - Level 3.0 Stealth
 + Level 6.2 Spellcasting
 + Level 2.0 Hexes
 + Level 6.1 Summonings


You had 7 spell levels left.
You knew the following spells:

 Your Spells              Type           Power      Damage    Failure   Level
a - Summon Small Mammal   Summ           100%       N/A       1%          1
b - Call Imp              Summ           54%        N/A       1%          2
c - Call Canine Familiar  Summ           27%        N/A       3%          3
d - Summon Guardian Gole  Hex/Summ       20%        N/A       9%          3
e - Summon Lightning Spi  Summ/Air       16%        N/A       38%         4

Your spell library contained the following spells:

 Spells                   Type           Power      Damage    Failure   Level
 Tukima's Dance           Hex            12%        N/A       21%         3
 Lesser Beckoning         Tloc           10%        N/A       22%         2
 Gell's Gravitas          Tloc           5%         N/A       41%         3
 Teleport Other           Tloc           5%         N/A       41%         3
 Passage of Golubria      Tloc           5%         N/A       83%         4
 Yara's Violent Unravell  Hex/Tmut       4%         3d4       95%         5
 Dispersal                Tloc           2%         N/A       100%        6


Dungeon Overview and Level Annotations

Branches:
Dungeon (6/15)
 Temple: D:4-7

Altars:

Annotations:
D:4 2 transporters, drugrobin's ghost, weakling DgDe
D:6 Maggie


Innate Abilities, Weirdness & Mutations

You are immune to sickness and miasma.
Your stone body is resilient. (AC +6)
You are immune to poison.
You resist negative energy. (rN+)
You are resistant to electric shocks. (rElec)
You are resistant to unholy torment.
You are immune to petrification.
Your skin changes colour to match your surroundings (Stealth+).


Message History

Unknown command.
Reach: x) +0 glaive
Press: ? - help, Dir - move target, f/p - Maggie
Aim: Maggie, wielding a +3 halberd of flaming and wearing +0 steam dragon scales (almost dead, mesmerising, ally target, about 43% to evade your +0 glaive)
You could not reach far enough!
Your guardian golem is engulfed in blazing flames.
Maggie hits you from afar with a +3 halberd of flaming!
Maggie burns you.
Unknown command.
Reach: x) +0 glaive
Press: ? - help, Dir - move target, f/p - Maggie
Aim: Maggie, wielding a +3 halberd of flaming and wearing +0 steam dragon scales (almost dead, mesmerising, ally target, about 43% to evade your +0 glaive)
You reach to attack!
You hit Maggie.
Maggie is almost dead.
Your guardian golem is engulfed in blazing flames.
Maggie hits you from afar with a +3 halberd of flaming!
Maggie burns you.
Unknown command.
Reach: x) +0 glaive
Press: ? - help, Dir - move target, f/p - Maggie
Aim: Maggie, wielding a +3 halberd of flaming and wearing +0 steam dragon scales (almost dead, mesmerising, ally target, about 43% to evade your +0 glaive)
You could not reach far enough!
Maggie points at you and mumbles some strange words.
The bolt of fire hits your guardian golem!
Your guardian golem resists.
The bolt of fire hits you!!
* * * LOW HITPOINT WARNING * * *
Your guardian golem is engulfed in blazing flames.
Your guardian golem overheats!
Maggie barely misses you.
Okay, then.
Casting: Summon Guardian Golem (dangerous; 9% risk of failure)
Confirm with . or Enter, or press ? or * to list all spells.
Okay, then.
As you read the scroll labelled GESTOR ASKAD, it dissolves into smoke.
It was a scroll of fog.
Your guardian golem is engulfed in blazing flames.
Flame seeps out of your guardian golem.
Maggie hits you from afar with a +3 halberd of flaming!
You die...

#.####.#.#.##...#......
#..#.....#.#######....#
#####.)..#.#...... #..#..
#......###.#...#.# #..###
#......))).....#.###.#..#
#
#...)).)##.###..[.......#
#
#.....)..##.....#....)..##
#.....).°####§..........
#.......h@9@§§.......#..
#.......§§○§§§.......#
#......###§§§§.......#
#......# #.###.###...##.
#......# #.# #...
..##.###+ ...... ..# ....#
....#... ..... ...# ....#
##..#... #.#.# ....#
....... .#######..#.


You could see Maggie (mesmerising, ally target), a friendly guardian golem
(summoned, inner flame) and a friendly hound (summoned, sheltered).

Vanquished Creatures
  A black bear (D:6)
  A centaur (D:6)
  3 phantoms (D:5)
  2 wights (D:6)
  2 iguanas (D:5)
  5 gnolls
  2 adders
  A white imp (D:5)
  A worm (D:2)
  A dart slug (D:1)
  15 orcs
  5 ball pythons
  5 bats
  5 endoplasms
  3 giant cockroaches
  4 goblins
  9 hobgoblins
  A jackal (D:3)
  3 quokkas
  2 frilled lizards (D:2)
  3 kobolds
  2 rats
76 creatures vanquished.

Vanquished Creatures (collateral kills)
  Sigmund (D:4)
  Eustachio (D:6)
  An ogre (D:6)
  A scorpion (D:4)
  A gnoll bouda (D:5)
  An orc priest (D:6)
  An iguana (D:5)
  7 orc wizards
  8 gnolls
  3 adders
  A shadow imp (D:5)
  A nameless horror (D:3)
  A dart slug (D:4)
  10 orcs
  3 ball pythons
  4 bats
  3 endoplasms
  2 giant cockroaches
  4 goblins
  4 hobgoblins
  3 jackals (D:3)
  A quokka (D:1)
  A frilled lizard (D:2)
  4 kobolds
  2 rats
69 creatures vanquished.

Vanquished Creatures (others)
  Menkaure (D:6)
  An ogre (D:4)
  3 wights (D:6)
  An orc priest (D:3)
  An orc wizard (D:5)
  2 gnolls (D:5)
  An orc (D:6)
  A kobold (D:3)
11 creatures vanquished.

Grand Total: 156 creatures vanquished

Notes
Turn   | Place    | Note
-------+----------+-------------------------------------------
     0 | D:1      | LobsterGuardian the Gargoyle Summoner began the quest for
                  | the Orb.
     0 | D:1      | Reached XP level 1. HP: 10/10 MP: 3/3
   186 | D:1      | Reached XP level 2. HP: 12/15 MP: 1/5
   296 | D:1      | Learned a level 2 spell: Call Imp
   387 | D:1      | Found a faded altar of an unknown god.
   389 | D:1      | Noticed a shining eye
   392 | D:1      | Noticed an eye of devastation
   392 | D:1      | Noticed a shining eye
   392 | D:1      | Noticed a great orb of eyes
   470 | D:1      | You fall into a shaft and drop 1 floor!
   550 | D:2      | Reached XP level 3. HP: 18/19 MP: 6/6
   579 | D:2      | Learned a level 3 spell: Call Canine Familiar
   740 | D:2      | Reached XP level 4. HP: 5/24 MP: 6/8
   752 | D:2      | Learned a level 3 spell: Summon Guardian Golem
  1819 | D:3      | Gained mutation: Your skin changes colour to match your
                  | surroundings (Stealth+). [potion of mutation]
  1829 | D:3      | Reached XP level 5. HP: 6/28 MP: 0/10
  3040 | D:4      | Noticed an ogre
  3049 | D:4      | Killed an ogre
  3050 | D:4      | Reached skill level 1 in Fighting
  3050 | D:4      | Reached skill level 1 in Polearms
  3050 | D:4      | Reached skill level 5 in Summonings
  3050 | D:4      | Reached XP level 6. HP: 34/34 MP: 1/12
  3451 | D:4      | Noticed Sigmund
  3467 | D:4      | Killed Sigmund
  3468 | D:4      | Reached skill level 1 in Armour
  3468 | D:4      | Reached skill level 5 in Spellcasting
  3468 | D:4      | Reached XP level 7. HP: 37/38 MP: 1/14
  3576 | D:4      | Learned a level 4 spell: Summon Lightning Spire
  3684 | D:4      | Noticed drugrobin's ghost (weakling DgDe)
  3685 | D:4      | Found a transporter.
  3685 | D:4      | Identified the +7 great mace of Ceizuj {venom, rElec Dex+2}
  3693 | D:4      | Found a transporter.
  4181 | D:5      | Entered Level 5 of the Dungeon
  4610 | D:5      | Reached XP level 8. HP: 27/43 MP: 12/16
  5388 | D:6      | Reached skill level 1 in Hexes
  5447 | D:6      | Noticed Menkaure
  5458 | D:6      | Killed Menkaure
  5578 | D:6      | Noticed Eustachio
  5589 | D:6      | Killed Eustachio
  5666 | D:6      | Reached XP level 9. HP: 49/49 MP: 15/18
  5813 | D:6      | Reached skill level 5 in Polearms
  5895 | D:6      | Noticed Maggie
  5921 | D:6      | HP: 2/49 [Maggie/bolt of fire (21)]
  5922 | D:6      | Slain by Maggie

Illustrated notes

Levels and vault maps discovered:
D:1:      psy_arrival_basics, layout_basic,
          hellmonk_ecumenical_altar_watching_god
D:2:      layout_basic
D:3:      layout_loops_cross
D:4:      layout_gridville, gammafunk_ghost_smash, serial_bayou_ford_a,
          uniq_sigmund
D:5:      layout_loops_cross
D:6:      cheibrodos_two_vegetables, layout_basic, uniq_maggie, uniq_eustachio,
          uniq_menkaure, uniq_duvessa

Skill      XL: |  1  2  3  4  5  6  7  8  9 |
---------------+----------------------------+-----
Summonings     | 4 5 6 |  6.1
Spellcasting   | 3 4 5 6 |  6.2
Fighting       | 1 2 |  2.7
Polearms       | 1 2 4 5 |  5.4
Armour         | 1 2 |  2.9
Stealth        | 3 |  3.0
Dodging        | 2 |  2.2
Hexes          | 1 2 |  2.0

Action                     |  1- 3 |  4- 6 |  7- 9 || total
---------------------------+-------+-------+-------++-------
  Melee: Unarmed           |    24 |       |       ||    24
         Short sword       |    34 |       |       ||    34
         Dagger            |    32 |     4 |       ||    36
         Spear             |       |   153 |       ||   153
         Punch             |       |     1 |       ||     1
         Halberd           |       |       |   128 ||   128
         Glaive            |       |       |    45 ||    45
   Cast: Summon Small Mamm |    15 |     5 |     4 ||    24
         Call Imp          |     8 |     8 |     7 ||    23
         Call Canine Famil |     1 |    16 |    16 ||    33
         Summon Guardian G |       |     5 |    16 ||    21
    Use: Scroll            |       |     3 |     6 ||     9
         Potion            |       |     2 |     3 ||     5
   Stab: Distracted        |     1 |       |     2 ||     3
         Sleeping          |       |     9 |     7 ||    16
 Armour: Robe              |    36 |       |       ||    36
         Leather armour    |       |    45 |    72 ||   117
  Dodge: Dodged            |    60 |    87 |   133 ||   280
         Form:             |       |     1 |       ||     1
         Maw               |       |     1 |       ||     1

Table legend: (Time is in decaauts)
 A = Elapsed time spent in this place.
 B = Non-inter-level travel time spent in this place.
 C = Inter-level travel time spent in this place.
 D = Time resting spent in this place.
 E = Time spent auto-exploring this place.
 F = Levels seen in this place.
 G = Mean time per level.
                   A        B        C        D        E       F      G
               +--------+--------+--------+--------+--------+-----+--------+
         Total |   6030 |   5857 |    173 |    100 |   4357 |   6 | 1005.0 |
       Dungeon |   6030 |   5857 |    173 |    100 |   4357 |   6 | 1005.0 |
               +--------+--------+--------+--------+--------+-----+--------+

Top non-repeatable levels by time:
     D:4: 1237 daAuts
     D:3: 1183 daAuts
     D:5: 1181 daAuts
     D:1: 1060 daAuts
     D:2: 730 daAuts
     D:6: 637 daAuts
